 Dungeon Crawl Stone Soup version 0.31-a0-187-gba352fbbf7 (webtiles) character file.

Game seed: 13652711063585415467

885 qw the Skirmisher (level 7, 0/40 HPs)
             Began as a Deep Elf Hunter on June 22, 2023.
             Was an Initiate of Okawaru.
             Killed by divine providence
             ... invoked by an orc priest
              (12 damage)
             ... on level 6 of the Dungeon.
             The game lasted 00:02:06 (6094 turns).

qw the Skirmisher (Deep Elf Hunter)                 Turns: 6094, Time: 00:02:07

Health: 0/40       AC:  6    Str: 10    XL:     7   Next: 76%
Magic:  9/9        EV: 11    Int: 14    God:    Okawaru [......]
Gold:   261        SH:  5    Dex: 18    Spells: 6/6 levels left

rFire   . . .        d - +0 orcbow
rCold   . . .        (shield currently unavailable)
rNeg    . . .        j - +0 ring mail
rPois   .            (no helmet)
rElec   .            (no cloak)
rCorr   .            h - +0 pair of gloves
SInv    .            (no boots)
Will    .....        f - amulet of reflection
Stlth   +            (no ring)
HPRegen 0.26/turn    (no ring)
MPRegen 0.11/turn

%: reflection
@: no status effects
A: no striking features
a: Renounce Religion


You were on level 6 of the Dungeon.
You worshipped Okawaru.
Okawaru was noncommittal.
You visited 2 branches of the dungeon, and saw 7 of its levels.

You collected 261 gold pieces.


   Skills:
 - Level 2.1 Fighting
 + Level 11.8 Ranged Weapons
 - Level 1.2 Armour
 - Level 3.7 Dodging
 - Level 1.2 Stealth


You had 6 spell levels left.
You didn't know any spells.
Your spell library was empty.

Inventory:

Hand Weapons
 d - a +0 orcbow (weapon)
Armour
 h - a +0 pair of gloves (worn)
 j - a +0 ring mail (worn)
Jewellery
 f - an amulet of reflection (around neck)
Scrolls
 a - 4 scrolls of identify
 g - a scroll of teleportation
Potions
 b - a potion of haste
 c - a potion of mutation
 e - a potion of curing {unknown}

Dungeon Overview and Level Annotations

Branches:
Dungeon (6/15)             Temple (1/1) D:6

Altars:
Ashenzari
Cheibriados
Dithmenos
Elyvilon
Gozag
Hepliaklqana
Kikubaaqudgha
Nemelex Xobeh
Okawaru
Qazlal
Sif Muna
Trog
Vehumet
Wu Jian
Yredelemnul
Zin
The Shining One


Message History

An orc priest is wielding a +0 mace of protection.
Enter note:
Enter note: You shoot an arrow.
The orc priest shouts! x2
The arrow hits the orc priest!
The orc priest is heavily wounded.
You hear an angry growl.
The orc priest calls down the wrath of Beogh upon you.
Beogh smites you!
You hear a shout!
You shoot an arrow. The arrow hits the orc priest.
The orc priest is almost dead.
An orc comes into view. It is wielding a +0 flail.
You shoot an arrow. The arrow barely misses the orc priest.
The arrow hits the orc but does no damage.
You shoot an arrow.
The arrow closely misses the orc priest.
The arrow closely misses the orc.
The orc priest calls upon Beogh to heal the orc priest.
The orc priest is healed somewhat.
An orc comes into view. It is wielding a +0 whip.
The orc priest calls down the wrath of Beogh upon you.
Beogh smites you!
You shoot an arrow. The arrow hits the orc priest!
You kill the orc priest!
Okawaru accepts your kill.
You shoot an arrow.
The arrow hits the orc but does no damage.
You shoot an arrow. The arrow barely misses the orc.
The arrow hits the orc!
You kill the orc!
Okawaru accepts your kill.
You shoot an arrow. The arrow hits the orc!
You kill the orc!
Okawaru accepts your kill.
You shoot an arrow. The arrow hits the orc priest!
The orc priest is heavily wounded.
The orc priest calls down the wrath of Beogh upon you.
Beogh smites you!
You die...

#### #######....
########### #..........
..........#
#...........#
..........# #...........
..........# #...........
..).......####.....o....
..).......'.....@))..h>.
..........##########.#.#
########### #.#h# ####
#.#.# ...# #.#.# ...#
#.#.# ...# #.#.# ..##
#.#.# #.# #...#


You could see a black bear and an orc priest.

Vanquished Creatures
  An ogre (D:6)
  A centaur (D:5)
  A bullfrog (D:6)
  3 scorpions
  2 jellies
  2 hounds
  3 orc priests
  An iguana (D:4)
  An orc wizard (D:4)
  4 gnolls
  7 adders
  2 white imps
  A worm (D:2)
  2 dart slugs
  11 orcs
  3 bats
  7 endoplasms
  4 giant cockroaches
  5 goblins
  4 hobgoblins
  7 jackals
  9 kobolds
  3 quokkas
  5 ball pythons
  6 frilled lizards
  11 rats
106 creatures vanquished.

Notes
Turn   | Place    | Note
-------+----------+-------------------------------------------
     0 | D:1      | qw the Deep Elf Hunter began the quest for the Orb.
     0 | D:1      | Reached XP level 1. HP: 12/12 MP: 3/3
     0 | D:1      | 0 ||| qw: Version: 0.3-a-9-g12657ce
     0 | D:1      | 0 ||| qw: Game counter: 2134
     0 | D:1      | 0 ||| qw: Always use a shield: true
     0 | D:1      | 0 ||| qw: God list: Okawaru
     0 | D:1      | 0 ||| qw: Allow faded altars: false
     0 | D:1      | 0 ||| qw: Do Orc after D:15 true
     0 | D:1      | 0 ||| qw: Do second Lair branch before Depths: true
     0 | D:1      | 0 ||| qw: Lair rune preference: random
     0 | D:1      | 0 ||| qw: Plans: Normal
     0 | D:1      | 0 ||| PLANNING D:1-11
   166 | D:1      | Reached XP level 2. HP: 16/16 MP: 4/4
   168 | D:1      | Reached skill level 6 in Ranged Weapons
   753 | D:1      | 753 ||| UPGRADING to +0 pair of gloves.
   758 | D:1      | 758 ||| READING scroll labelled TIGOAL YRAN FEF.
   761 | D:1      | 761 ||| READING scroll labelled UNUFIR FINOTHRA.
   762 | D:1      | 762 ||| DROPPING scroll of butterflies.
   945 | D:2      | Reached XP level 3. HP: 20/20 MP: 5/5
  1118 | D:2      | Reached skill level 7 in Ranged Weapons
  1600 | D:2      | 1600 ||| READING scroll labelled REUTHR KUTO.
  1601 | D:2      | 1601 ||| DRINKING 2 bubbling inky potions.
  1602 | D:2      | 1602 ||| DROPPING potion of brilliance.
  1658 | D:3      | Reached XP level 4. HP: 16/25 MP: 6/6
  1661 | D:3      | 1661 ||| FLEEEEING.
  1662 | D:3      | 1662 ||| FLEEEEING.
  1663 | D:3      | 1663 ||| FLEEEEING.
  1664 | D:3      | 1664 ||| FLEEEEING.
  1665 | D:3      | 1665 ||| FLEEEEING.
  1666 | D:3      | 1666 ||| FLEEEEING.
  1670 | D:3      | 1670 ||| FLEEEEING.
  1671 | D:3      | 1671 ||| FLEEEEING.
  1672 | D:3      | 1672 ||| FLEEEEING.
  1673 | D:3      | 1673 ||| STAIRDANCE
  1699 | D:3      | 1699 ||| STAIRDANCE
  1896 | D:3      | Reached skill level 8 in Ranged Weapons
  2436 | D:3      | Reached XP level 5. HP: 29/29 MP: 7/7
  2440 | D:3      | 2440 ||| UPGRADING to +0 scale mail.
  2450 | D:3      | 2450 ||| DROPPING +0 leather armour.
  2451 | D:3      | 2451 ||| UPGRADING to +0 ring mail.
  2461 | D:3      | 2461 ||| DROPPING +0 scale mail.
  2462 | D:3      | 2462 ||| READING scroll labelled TAEN OBRUECWUO.
  2463 | D:3      | 2463 ||| READING scroll labelled TAFFAPTY JUUNUEH.
  2464 | D:3      | 2464 ||| READING scroll labelled RUCIXT ISCHIUS.
  2465 | D:3      | 2465 ||| READING scroll labelled ZUMILE EGEDWUA.
  2467 | D:3      | 2467 ||| Stepping ~*~*~tactically~*~*~ (cloud).
  2470 | D:3      | HP: 7/29 [poisoned by you (poison gas)]
  2475 | D:3      | HP: 3/29 [poisoned by you (poison gas)]
  2709 | D:4      | 2709 ||| FLEEEEING.
  2710 | D:4      | 2710 ||| FLEEEEING.
  2711 | D:4      | 2711 ||| FLEEEEING.
  2714 | D:4      | 2714 ||| FLEEEEING.
  2715 | D:4      | 2715 ||| FLEEEEING.
  2716 | D:4      | 2716 ||| FLEEEEING.
  2717 | D:4      | 2717 ||| FLEEEEING.
  2718 | D:4      | 2718 ||| FLEEEEING.
  2719 | D:4      | 2719 ||| FLEEEEING.
  2720 | D:4      | 2720 ||| FLEEEEING.
  2721 | D:4      | 2721 ||| FLEEEEING.
  2722 | D:4      | 2722 ||| FLEEEEING.
  2730 | D:4      | 2730 ||| FLEEEEING.
  2896 | D:4      | Reached skill level 9 in Ranged Weapons
  3243 | D:4      | Reached XP level 6. HP: 31/35 MP: 8/8
  3383 | D:4      | 3383 ||| UPGRADING to amulet of reflection.
  3388 | D:4      | 3388 ||| DRINKING 3 silvery potions.
  3391 | D:4      | 3391 ||| READING 2 scrolls of identify.
  3391 | D:4      | 3391 ||| IDENTIFYING white potion
  3392 | D:4      | 3392 ||| DROPPING 2 potions of ambrosia.
  3411 | D:5      | Entered Level 5 of the Dungeon
  3501 | D:5      | HP: 7/35 [orc priest/+0 morningstar (7)]
  3502 | D:5      | 3502 ||| READING 2 scrolls of teleportation.
  3531 | D:5      | 3531 ||| FLEEEEING.
  3533 | D:5      | 3533 ||| STAIRDANCE
  3716 | D:5      | Found a white marble altar of Elyvilon.
  3730 | D:5      | Reached skill level 10 in Ranged Weapons
  3850 | D:5      | 3850 ||| FLEEEEING.
  3852 | D:5      | 3852 ||| FLEEEEING.
  3853 | D:5      | 3853 ||| FLEEEEING.
  3854 | D:5      | 3854 ||| FLEEEEING.
  3855 | D:5      | 3855 ||| FLEEEEING.
  3856 | D:5      | 3856 ||| FLEEEEING.
  3857 | D:5      | 3857 ||| FLEEEEING.
  3858 | D:5      | 3858 ||| FLEEEEING.
  3861 | D:5      | 3861 ||| STAIRDANCE
  3875 | D:4      | 3875 ||| READING 2 scrolls of identify.
  3875 | D:4      | 3875 ||| IDENTIFYING blue potion
  3900 | D:5      | Found a snail-covered altar of Cheibriados.
  3905 | D:5      | 3905 ||| FLEEEEING.
  3931 | D:5      | Reached skill level 3 in Dodging
  3937 | D:5      | Reached XP level 7. HP: 15/40 MP: 9/9
  4003 | D:5      | Reached skill level 1 in Armour
  4144 | D:5      | 4144 ||| SWAPPING to +0 orcbow.
  4152 | D:5      | 4152 ||| DROPPING +0 shortbow.
  4153 | D:5      | Found a broken altar of Ashenzari.
  4810 | D:5      | 4810 ||| READING 4 scrolls of identify.
  4810 | D:5      | 4810 ||| IDENTIFYING puce potion
  4811 | D:5      | 4811 ||| DROPPING potion of berserk rage.
  5125 | D:6      | HP: 9/40 [black bear (5)]
  5126 | D:6      | 5126 ||| READING 2 scrolls of teleportation.
  5127 | D:6      | HP: 3/40 [black bear (4)]
  5128 | D:6      | HP: 1/40 [black bear (2)]
  5315 | D:6      | Reached skill level 11 in Ranged Weapons
  5356 | D:6      | Found a staircase to the Ecumenical Temple.
  5357 | D:6      | 5357 ||| PLANNING TEMPLE
  5357 | D:6      | 5357 ||| DROPPING amulet of regeneration.
  5364 | Temple   | Entered the Ecumenical Temple
  5365 | Temple   | 5365 ||| PLANNING OKAWARU WORSHIP
  5893 | Temple   | Became a worshipper of Warmaster Okawaru
  5894 | Temple   | 5894 ||| PLANNING D:1-11
  5948 | D:6      | Found a stormy altar of Qazlal.
  6094 | D:6      | Killed from afar by an orc priest

Levels and vault maps discovered:
D:1:      minmay_arrival_stair_chambers, layout_basic
D:2:      layout_loops_corners, minmay_rat_gold_closets
D:3:      layout_basic, amcnicky_mini_pool_small
D:4:      layout_loops_ring, serial_glass, glass_columns_a, glass_columns_b,
          grunt_ministairs_14, hangedman_decor_push,
          nicolae_concentric_dashed_squares_wild
D:5:      layout_layer_cave, mainiacjoe_overflow_paths, kennysheep_slug_shrine,
          elyvilon_altar_5, minivault_27
D:6:      layout_basic, nicolae_qazlal_eye_of_the_storm,
          minmay_temple_entry_hall
Temple:   compressed_dpeg_triangle_lava_temple

Skill      XL: |  1  2  3  4  5  6  7 |
---------------+----------------------+-----
Ranged Weapons | 6 7 8 9 10 11 | 11.8
Fighting       | 2 |  2.1
Dodging        | 3 |  3.7
Armour         | 1 |  1.2
Stealth        | |  1.2

Action                     |  1- 3 |  4- 6 |  7- 9 || total
---------------------------+-------+-------+-------++-------
   Fire: Shortbow          |    98 |   198 |     8 ||   304
         Orcbow            |       |       |    78 ||    78
    Use: Scroll            |     3 |     7 |     2 ||    12
         Potion            |     1 |     1 |       ||     2
 Armour: Leather armour    |    11 |     4 |       ||    15
         Ring mail         |       |    11 |    22 ||    33
  Dodge: Dodged            |    32 |    47 |    27 ||   106
  Block: Other             |       |     2 |     8 ||    10

Table legend:
 A = Non-vault XP
 B = Vault XP
 C = Vault XP percentage of total XP
 D = Non-vault monster count
 E = Vault monster count
 F = Vault count percentage of total count
                 A         B        C        D         E       F
            +---------+---------+-------+---------+---------+-------
      Total |    1253 |      12 |   0.9 |      97 |       9 |   8.5
            +---------+---------+-------+---------+---------+-------
        D:1 |      22 |       0 |   0.0 |      13 |       0 |   0.0
        D:2 |      70 |       6 |   7.9 |      19 |       6 |  24.0
        D:3 |     107 |       0 |   0.0 |      22 |       0 |   0.0
        D:4 |     296 |       2 |   0.7 |      21 |       2 |   8.7
        D:5 |     375 |       4 |   1.1 |       9 |       1 |  10.0
        D:6 |     383 |       0 |   0.0 |      13 |       0 |   0.0
            +---------+---------+-------+---------+---------+-------
